Map: Acropolis LE

Players

Mez

  • Race: Terran Terran
  • League: Master
  • Spawn Location: 5:00

A.I. 1 (Very Easy) - Winner!

  • Race: Zerg Zerg
  • Spawn Location: 11:00

VOD

Have the link to the VOD?

Description

Time

  • Played on: Aug. 18, 2019, 4:45 p.m.
  • Length: 9:25
Show
View Real Time Build Order
Export as new Build Order

Mez Terran 

Build Orders: Liberator Opening, Reaper Expand 

Get SALT Encoding   

  12  0:01  SCV  
  13  0:13  SCV  
  14  0:17  Supply Depot  
  14  0:25  SCV  
  15  0:39  SCV  
  15  0:41  Barracks  
  16  0:46  Refinery  
  16  0:51  SCV  
  17  1:03  SCV  
  18  1:15  SCV  
  19  1:30  Reaper, Orbital Command  
  20  1:39  Command Center  
  20  1:48  Supply Depot  
  20  1:56  SCV  
  21  2:02  Marine  
  22  2:08  SCV  
  22  2:12  Factory  
  23  2:19  Refinery  
  23  2:20  SCV  
  24  2:24  Barracks Reactor  
  24  2:32  SCV  
  25  2:45  SCV  
  26  2:52  Orbital Command  
  26  2:59  Starport  
  26  3:06  SCV  
  26  3:09  Hellion x2  
  26  3:11  Barracks Tech Lab  
  31  3:18  SCV  
  31  3:19  SCV, Liberator  
  33  3:30  Hellion x2, SCV  
  33  3:31  SCV  
  39  3:34  Marine, Supply Depot  
  43  3:43  SCV x2  
  43  3:45  Stimpack  
  45  3:55  SCV  
  46  3:56  Hellion x2, SCV  
  46  4:02  Supply Depot  
  51  4:07  SCV  
  51  4:08  SCV  
  51  4:09  Marine  
  54  4:23  SCV x2  
  56  4:27  Barracks  
  56  4:30  Starport Reactor, Barracks, Factory Reactor  
  56  4:31  Marine  
  56  4:35  SCV x2  
  59  4:42  Command Center  
  59  4:46  Supply Depot  
  59  4:48  SCV x2  
  59  4:51  Marine  
  62  5:04  Supply Depot  
  62  5:05  Supply Depot  
  62  5:07  SCV x2  
  62  5:08  Marine, Medivac  
  62  5:10  Medivac  
  62  5:13  Factory Tech Lab  
  69  5:18  Marine  
  70  5:26  SCV x2, Marine x4  
  76  5:29  Engineering Bay  
  76  5:31  Engineering Bay  
  76  5:32  Supply Depot  
  76  5:35  Marine  
  76  5:36  Siege Tank  
  76  5:40  Refinery  
  76  5:42  Refinery, SCV  
  81  5:43  SCV  
  81  5:46  Combat Shield  
  81  5:47  Supply Depot  
  82  5:52  Marine x4  
  86  6:01  SCV x2, Supply Depot  
  88  6:08  Marine  
  88  6:10  Siege Tank, Marine x2  
  93  6:15  SCV x2  
  93  6:17  Orbital Command  
  95  6:18  Terran Infantry Weapons Level 1  
  95  6:19  Terran Infantry Armor Level 1  
  95  6:23  Supply Depot  
  95  6:27  SCV x2  
  95  6:32  Supply Depot  
  97  6:33  Marine x5  
  102  6:41  Barracks  
  102  6:42  Barracks  
  102  6:47  Siege Tank, SCV  
  102  6:48  SCV  
  102  6:53  SCV  
  108  6:54  Marine  
  108  6:57  Medivac  
  108  6:59  Medivac  
  108  7:00  SCV x2  
  115  7:03  Marine x3  
  115  7:04  Supply Depot  
  115  7:05  Marine  
  119  7:13  Marine  
  119  7:14  Supply Depot  
  120  7:16  SCV x3  
  120  7:20  Refinery  
  120  7:21  Siege Tank, Marine x2  
  128  7:23  Marine x2  
  128  7:26  Armory  
  128  7:28  SCV x2  
  128  7:29  Supply Depot  
  132  7:30  Medivac  
  132  7:31  Marine  
  132  7:32  Medivac  
  132  7:35  Barracks Reactor x2  
  137  7:38  SCV  
  137  7:40  SCV  
  137  7:41  Marine x3  
  137  7:42  Marine  
  143  7:47  Refinery, Supply Depot  
  143  7:49  Marine  
  144  7:59  Marine x4  
  144  8:04  Medivac  
  144  8:05  Siege Tank  
  155  8:07  Marine  
  155  8:09  Factory, Supply Depot  
  156  8:14  Marine  
  156  8:15  Marine x3  
  156  8:17  Marine x3  
  161  8:26  SCV x2  
  161  8:27  SCV, Marine x2  
  164  8:31  Supply Depot  
  164  8:32  Supply Depot  
  166  8:37  Siege Tank  
  166  8:38  Supply Depot  
  166  8:39  Medivac  
  166  8:40  Marine x7  
  166  8:41  Supply Depot  
  178  8:43  Medivac  
  178  8:45  Marine  
  181  8:52  Marine  
  182  9:00  Marine x7  
  189  9:03  Marine  
  189  9:06  Command Center  
Show
View Real Time Build Order
Export as new Build Order

A.I. 1 (Very Easy) Zerg - Winner!

Build Orders: Pool First 

Get SALT Encoding   

  12  0:00  Drone  
  13  0:12  Overlord  
  13  0:16  Drone  
  14  0:34  Spawning Pool  
  13  0:37  Drone  
  13  0:40  Extractor  
  13  0:44  Drone  
  14  0:52  Overlord  
  14  1:21  Zergling x2  
  14  1:22  Queen  
  17  1:30  Roach Warren  
  16  1:33  Drone  
  16  1:37  Extractor  
  16  1:41  Drone  
  16  1:42  Zergling x2  
  18  1:54  Drone  
  19  2:03  Zergling x2  
  19  2:05  Drone  
  21  2:16  Drone  
  22  2:27  Drone  
  22  2:29  Overlord  
  23  2:34  Drone  
  24  2:41  Drone  
  25  6:01  Roach  
  25  6:02  Overlord, Drone, Lair  
  28  6:09  Drone  
  29  6:16  Drone  
  27  6:23  Drone  
  28  6:30  Drone  
  29  6:44  Roach  
  31  7:03  Overseer x2  
  31  7:11  Hatchery  
  31  7:13  Drone  
  31  7:27  Roach  
  33  8:10  Zergling x2  
  34  8:25  Drone  
  35  8:32  Drone  
  35  8:33  Extractor  
  35  8:36  Extractor  
  35  8:39  Drone  
  35  8:46  Drone  
  36  8:53  Drone  
  37  9:00  Drone  
  38  9:08  Drone  
Tags
 
Add a new tag
Caveats
  • Supply blocks, unpowered buildings, or Contaminate may cause inaccurate times.
  • Supply counts are checked every 10 seconds.